TOP OF THE 1ST |
---|
San Jose Missions batting - Pitching for Redwood City Redwoods : RHP Ángel Germán | Pitching: RHP Ángel Germán | | Batting: RHB Brandon Townsley | 0-0: Swinging Strike 0-1: Swinging Strike 0-2: Ball 1-2: Strikes out looking | Batting: RHB Jorge Díaz | 0-0: Ball 1-0: Ball 2-0: Called Strike 2-1: Foul Ball, location: 2F 2-2: Foul Ball, location: 2F 2-2: Ball 3-2: Base on Balls | Batting: SHB Ángel González | 0-0: Foul Ball, location: 2F 0-1: Ball 1-1: Ball 2-1: Ball 3-1: Fielders Choice at 2nd, 6-4 (Groundball, 6) | Batting: LHB John Foster | 0-0: Foul Ball, location: 2F 0-1: Fly out, F8 (Flyball, 8RD) | Top of the 1st over - 0 runs, 0 hits, 0 errors, 1 left on base; San Jose 0 - Redwood City 0 | BOTTOM OF THE 1ST |
---|
Redwood City Redwoods batting - Pitching for San Jose Missions : LHP Daniel Roberts | Pitching: LHP Daniel Roberts | | Batting: LHB Tim Ramsey | 0-0: Ball 1-0: Fly out, F8 (Flyball, 8RM) | Batting: RHB Joe Smith | 0-0: Ball 1-0: SINGLE (Flyball, 9LS) | Batting: LHB César Rodríguez | 0-0: Fly out, F6 (Popup, 6M) | Batting: LHB Vicente Chávez | 0-0: Called Strike 0-1: Ball 1-1: Called Strike 1-2: Ball 2-2: Foul Ball, location: 2F 2-2: Foul Ball, location: 2F 2-2: Ground out 4-3 (Groundball, 4) | Bottom of the 1st over - 0 runs, 1 hit, 0 errors, 1 left on base; San Jose 0 - Redwood City 0 | TOP OF THE 2ND |
---|
San Jose Missions batting - Pitching for Redwood City Redwoods : RHP Ángel Germán | Batting: LHB Pedro Ramos | 0-0: Ball 1-0: Foul Ball, location: 2F 1-1: Ball 2-1: Foul Ball, location: 2F 2-2: Ball 3-2: SINGLE (Groundball, 4M) (infield hit) | Batting: RHB Raúl Bruno | 0-0: Ball 1-0: Ball 2-0: Ball 3-0: Called Strike 3-1: Base on Balls Pedro Ramos to second | Batting: RHB Chase Mueller | 0-0: Called Strike 0-1: Foul Ball, location: 2F 0-2: Ball 1-2: Ball 2-2: Fielders Choice at 2nd, 1-4 (Groundball, 15S) Pedro Ramos to third | Batting: RHB Artie Green | 0-0: Ball 1-0: Swinging Strike 1-1: Called Strike 1-2: Foul Ball, location: 2F 1-2: Strikes out swinging | Batting: RHB José Ramos | 0-0: Called Strike 0-1: Foul Ball, location: 2F 0-2: Strikes out swinging | Top of the 2nd over - 0 runs, 1 hit, 0 errors, 2 left on base; San Jose 0 - Redwood City 0 | BOTTOM OF THE 2ND |
---|
Redwood City Redwoods batting - Pitching for San Jose Missions : LHP Daniel Roberts | Batting: RHB Gilberto León | 0-0: Ball 1-0: Ball 2-0: Ball 3-0: Called Strike 3-1: Fly out, F7 (Flyball, 7S) | Batting: RHB Jason Blair | 0-0: Ground out 3-1 (Groundball, 34) | Batting: RHB Luis Ramírez | 0-0: Ball 1-0: Called Strike 1-1: Swinging Strike 1-2: Strikes out looking | Bottom of the 2nd over - 0 runs, 0 hits, 0 errors, 0 left on base; San Jose 0 - Redwood City 0 | TOP OF THE 3RD |
---|
San Jose Missions batting - Pitching for Redwood City Redwoods : RHP Ángel Germán | Batting: RHB Brandon Townsley | 0-0: Ball 1-0: Foul Ball, location: 2F 1-1: Ball 2-1: Called Strike 2-2: Foul Ball, location: 2F 2-2: Ball 3-2: Base on Balls | Batting: RHB Jorge Díaz | 0-0: Ball 1-0: Called Strike 1-1: Ball 2-1: Called Strike 2-2: Ball Brandon Townsley steals 2nd base 3-2: Strikes out looking | Batting: SHB Ángel González | 0-0: Called Strike 0-1: Ground out 6-3 (Groundball, 6) | Batting: LHB John Foster | 0-0: Ball 1-0: Ball 2-0: Foul Ball, location: 2F 2-1: SINGLE (Line Drive, 8RS) Brandon Townsley to third Runner from 3rd tries for Home, SAFE, throw made home | Batting: LHB Pedro Ramos | 0-0: Called Strike 0-1: Called Strike 0-2: Fly out, F8 (Flyball, 89D) | Top of the 3rd over - 1 run, 1 hit, 0 errors, 1 left on base; San Jose 1 - Redwood City 0 | BOTTOM OF THE 3RD |
---|
Redwood City Redwoods batting - Pitching for San Jose Missions : LHP Daniel Roberts | Batting: RHB Currito Campos | 0-0: Called Strike 0-1: Swinging Strike 0-2: Ball 1-2: Foul Ball, location: 2F 1-2: Ball 2-2: Ground out 5-3 (Groundball, 56) | Batting: LHB Ken Smith | 0-0: Ball 1-0: Called Strike 1-1: Ground out 6-3 (Groundball, 6) | Batting: LHB Tim Ramsey | 0-0: Ground out 4-3 (Groundball, 4M) | Bottom of the 3rd over - 0 runs, 0 hits, 0 errors, 0 left on base; San Jose 1 - Redwood City 0 | TOP OF THE 4TH |
---|
San Jose Missions batting - Pitching for Redwood City Redwoods : RHP Ángel Germán | Batting: RHB Raúl Bruno | 0-0: Ball 1-0: Ball 2-0: Ball 3-0: Called Strike 3-1: Ground out 6-3 (Groundball, 6) | Batting: RHB Chase Mueller | 0-0: Ball 1-0: Ball 2-0: Called Strike 2-1: Foul Ball, location: 2F 2-2: Foul Ball, location: 2F 2-2: Foul Ball, location: 2F 2-2: Reached on error, E6 (Groundball, 6S) | Batting: RHB Artie Green | 0-0: Called Strike 0-1: DOUBLE (Line Drive, 9D) Chase Mueller scores | Batting: RHB José Ramos | 0-0: Called Strike 0-1: Ball 1-1: Called Strike 1-2: Strikes out swinging | Batting: RHB Brandon Townsley | 0-0: Ball 1-0: Called Strike 1-1: Swinging Strike 1-2: Ball 2-2: Foul Ball, location: 2F 2-2: Strikes out swinging | Top of the 4th over - 1 run, 1 hit, 1 error, 1 left on base; San Jose 2 - Redwood City 0 | BOTTOM OF THE 4TH |
---|
Redwood City Redwoods batting - Pitching for San Jose Missions : LHP Daniel Roberts | Batting: RHB Joe Smith | 0-0: Ground out 5-3 (Groundball, 56) | Batting: LHB César Rodríguez | 0-0: Called Strike 0-1: Ball 1-1: Foul Ball, location: 2F 1-2: Ball 2-2: Strikes out swinging | Batting: LHB Vicente Chávez | 0-0: Ground out 4-3 (Groundball, 4) | Bottom of the 4th over - 0 runs, 0 hits, 0 errors, 0 left on base; San Jose 2 - Redwood City 0 | TOP OF THE 5TH |
---|
San Jose Missions batting - Pitching for Redwood City Redwoods : RHP Ángel Germán | Batting: RHB Jorge Díaz | 0-0: Ground out 4-3 (Groundball, 4M) | Batting: SHB Ángel González | 0-0: SOLO HOME RUN (Flyball, 78D), Distance : 390 ft | Batting: LHB John Foster | 0-0: Called Strike 0-1: Called Strike 0-2: Strikes out looking | Batting: LHB Pedro Ramos | 0-0: Ball 1-0: Ground out 5-3 (Groundball, 56) | Top of the 5th over - 1 run, 1 hit, 0 errors, 0 left on base; San Jose 3 - Redwood City 0 | BOTTOM OF THE 5TH |
---|
Redwood City Redwoods batting - Pitching for San Jose Missions : LHP Daniel Roberts | Batting: RHB Gilberto León | 0-0: Called Strike 0-1: Ball 1-1: Ball 2-1: Foul Ball, location: 2F 2-2: Foul Ball, location: 2F 2-2: Ball 3-2: Base on Balls | Batting: RHB Jason Blair | 0-0: Ball 1-0: Fly out, F8 (Flyball, 8RD) | Batting: RHB Luis Ramírez | 0-0: Called Strike 0-1: Called Strike 0-2: Ball 1-2: Ball 2-2: Grounds into double play, 6-4-3 (Groundball, 6M) | Bottom of the 5th over - 0 runs, 0 hits, 0 errors, 0 left on base; San Jose 3 - Redwood City 0 | TOP OF THE 6TH |
---|
San Jose Missions batting - Pitching for Redwood City Redwoods : RHP Ángel Germán | Pitching: RHP Daniel Betteridge | | Batting: RHB Raúl Bruno | 0-0: Called Strike 0-1: Ball 1-1: Foul Ball, location: 2F 1-2: Foul Ball, location: 2F 1-2: Ball 2-2: Foul Ball, location: 2F 2-2: Ball 3-2: Foul Ball, location: 2F 3-2: Strikes out looking | Batting: RHB Chase Mueller | 0-0: Ball 1-0: Ball 2-0: Ball 3-0: Called Strike 3-1: Base on Balls | Batting: RHB Artie Green | 0-0: Ball Chase Mueller steals 2nd base 1-0: Intentional Walk | Batting: RHB José Ramos | 0-0: Called Strike Chase Mueller steals 3rd base 0-1: Ball 1-1: Foul Ball, location: 2F 1-2: Foul Ball, location: 2F 1-2: Foul Ball, location: 2F 1-2: Ball 2-2: Fly out, F6 (Flyball, 6D) | Batting: RHB Brandon Townsley | 0-0: Ball 1-0: Foul Ball, location: 2F 1-1: Ball 2-1: Called Strike 2-2: 3-RUN HOME RUN (Flyball, 7LD), Distance : 315 ft | Batting: RHB Jorge Díaz | 0-0: Called Strike 0-1: Swinging Strike 0-2: Ball 1-2: Foul Ball, location: 2F 1-2: Ball 2-2: Ball 3-2: SINGLE (Line Drive, 8RS) | Pitching: RHP José Gusmán | | Batting: SHB Ángel González | 0-0: Ball 1-0: Called Strike 1-1: Ball 2-1: Ball 3-1: Fly out, F7 (Flyball, 7S) | Top of the 6th over - 3 runs, 2 hits, 0 errors, 1 left on base; San Jose 6 - Redwood City 0 | BOTTOM OF THE 6TH |
---|
Redwood City Redwoods batting - Pitching for San Jose Missions : LHP Daniel Roberts | Batting: RHB Currito Campos | 0-0: Called Strike 0-1: Swinging Strike 0-2: Strikes out looking | Batting: LHB Ken Smith | 0-0: Ball 1-0: SOLO HOME RUN (Line Drive, 7LD), Distance : 343 ft | Batting: LHB Tim Ramsey | 0-0: Called Strike 0-1: Foul Ball, location: 2F 0-2: Ball 1-2: Ball 2-2: SINGLE (Groundball, 56S) (infield hit) | Batting: RHB Joe Smith | 0-0: Ball 1-0: Ball Tim Ramsey steals 2nd base 2-0: Ball 3-0: Called Strike 3-1: DOUBLE (Line Drive, 78M) Tim Ramsey scores | Batting: LHB César Rodríguez | 0-0: Ball 1-0: Called Strike 1-1: Foul Ball, location: 2F 1-2: 2-RUN HOME RUN (Flyball, 9LD), Distance : 312 ft | Batting: LHB Vicente Chávez | 0-0: Swinging Strike 0-1: Ball 1-1: Swinging Strike 1-2: Ball 2-2: Foul Ball, location: 2F 2-2: Ground out 6-3 (Groundball, 6) | Batting: RHB Gilberto León | 0-0: Called Strike 0-1: Ball 1-1: Foul Ball, location: 2F 1-2: Fly out, F4 (Popup, 4) | Bottom of the 6th over - 4 runs, 4 hits, 0 errors, 0 left on base; San Jose 6 - Redwood City 4 | TOP OF THE 7TH |
---|
San Jose Missions batting - Pitching for Redwood City Redwoods : RHP José Gusmán | Batting: LHB John Foster | 0-0: Ball 1-0: Ball 2-0: Ball 3-0: Base on Balls | Batting: LHB Pedro Ramos | 0-0: Ball 1-0: SINGLE (Line Drive, 8LS) John Foster to second | Batting: RHB Raúl Bruno | 0-0: Ball 1-0: Sac Bunt - play at first, batter OUT! 1-4 John Foster to third Pedro Ramos to second | Batting: RHB Chase Mueller | 0-0: Ball 1-0: Ground out 5-3 (Groundball, 56) | Batting: RHB Artie Green | 0-0: Ball 1-0: Ball 2-0: Called Strike 2-1: Ball 3-1: Ground out 6-3 (Groundball, 6) | Top of the 7th over - 0 runs, 1 hit, 0 errors, 2 left on base; San Jose 6 - Redwood City 4 | BOTTOM OF THE 7TH |
---|
Redwood City Redwoods batting - Pitching for San Jose Missions : LHP Daniel Roberts | Batting: RHB Jason Blair | 0-0: Called Strike 0-1: Foul Ball, location: 2F 0-2: Ball 1-2: Foul Ball, location: 2F 1-2: Ball 2-2: Fly out, F5 (Popup, 25F) | Batting: RHB Luis Ramírez | 0-0: Foul Ball, location: 2F 0-1: Swinging Strike 0-2: Fly out, F2 (Popup, 25F) | Batting: RHB Currito Campos | 0-0: Ball 1-0: Ball 2-0: Called Strike 2-1: Ground out 6-3 (Groundball, 6) | Bottom of the 7th over - 0 runs, 0 hits, 0 errors, 0 left on base; San Jose 6 - Redwood City 4 | TOP OF THE 8TH |
---|
San Jose Missions batting - Pitching for Redwood City Redwoods : RHP José Gusmán | Batting: RHB José Ramos | 0-0: Foul Ball, location: 2F 0-1: Foul Ball, location: 2F 0-2: Ball 1-2: Foul Ball, location: 2F 1-2: SINGLE (Groundball, 34D) | Batting: RHB Brandon Townsley | 0-0: Foul Ball, location: 2F 0-1: Ball 1-1: Ball 2-1: Ball 3-1: Base on Balls José Ramos to second | Batting: RHB Jorge Díaz | 0-0: Bunted foul 0-1: Bunted foul 0-2: Ball 1-2: Foul Ball, location: 2F 1-2: DOUBLE (Line Drive, 89M) José Ramos scores Brandon Townsley to third Runner from 3rd tries for Home, SAFE, no throw | Pitching: RHP Gil Paling | | Batting: SHB Ángel González | 0-0: Ball 1-0: Foul Ball, location: 2F 1-1: Foul Ball, location: 2F 1-2: Strikes out looking | Batting: LHB John Foster | 0-0: Ball 1-0: Ball 2-0: Foul Ball, location: 2F 2-1: Ball 3-1: Called Strike 3-2: Base on Balls | Batting: LHB Pedro Ramos | 0-0: Ball 1-0: Foul Ball, location: 2F 1-1: Ball 2-1: Foul Ball, location: 2F 2-2: Ball 3-2: Strikes out swinging | Batting: RHB Raúl Bruno | 0-0: Ground out 5-3 (Groundball, 56D) | Top of the 8th over - 2 runs, 2 hits, 0 errors, 2 left on base; San Jose 8 - Redwood City 4 | BOTTOM OF THE 8TH |
---|
Redwood City Redwoods batting - Pitching for San Jose Missions : LHP Daniel Roberts | Batting: LHB Ken Smith | 0-0: Called Strike 0-1: Ball 1-1: Ball 2-1: SINGLE (Groundball, 56D) | Pitching: LHP Mario Galván | | Batting: LHB Tim Ramsey | 0-0: Ball 1-0: Ball 2-0: Foul Ball, location: 2F 2-1: Swinging Strike 2-2: Ball 3-2: Strikes out swinging | Batting: RHB Joe Smith | 0-0: Swinging Strike 0-1: Ball 1-1: Foul Ball, location: 2F 1-2: Ball 2-2: Ground out 3-1 (Groundball, 34S) Ken Smith to second | Batting: LHB César Rodríguez | 0-0: Called Strike 0-1: Swinging Strike 0-2: Ball 1-2: Ball 2-2: Strikes out swinging | Bottom of the 8th over - 0 runs, 1 hit, 0 errors, 1 left on base; San Jose 8 - Redwood City 4 | TOP OF THE 9TH |
---|
San Jose Missions batting - Pitching for Redwood City Redwoods : RHP Gil Paling | Batting: RHB Chase Mueller | 0-0: Called Strike 0-1: Fly out, F9 (Flyball, 9S) | Batting: RHB Artie Green | 0-0: Ball 1-0: Ground out 5-3 (Groundball, 56S) | Batting: RHB José Ramos | 0-0: Ball 1-0: Ground out U3 (Groundball, 3) | Top of the 9th over - 0 runs, 0 hits, 0 errors, 0 left on base; San Jose 8 - Redwood City 4 | BOTTOM OF THE 9TH |
---|
Redwood City Redwoods batting - Pitching for San Jose Missions : LHP Mario Galván | Batting: LHB Vicente Chávez | 0-0: SINGLE (Line Drive, 89S) | Batting: RHB Gilberto León | 0-0: Ball 1-0: Ball 2-0: Ball 3-0: Base on Balls Vicente Chávez to second | Batting: RHB Jason Blair | 0-0: Foul Ball, location: 2F 0-1: Fly out, F8 (Flyball, 8RM) | Batting: RHB Luis Ramírez | 0-0: Ball Wild Pitch! Vicente Chávez to third Gilberto León to second 1-0: Called Strike 1-1: Swinging Strike 1-2: Hit by Pitch | Batting: RHB Currito Campos | 0-0: Fly out, F3 (Popup, 3F) | Pinch Hitting: RHB Francisco Rodríguez | 0-0: Ball 1-0: Ball 2-0: SINGLE (Groundball, 4MD) Vicente Chávez scores Gilberto León to third Luis Ramírez to second | Pinch Hitting: RHB Juan Robles | 0-0: Ball 1-0: Ball 2-0: Ball 3-0: Called Strike 3-1: Called Strike 3-2: Base on Balls Gilberto León scores Luis Ramírez to third Francisco Rodríguez to second | Batting: RHB Joe Smith | 0-0: Ball 1-0: Fielders Choice at 2nd, 5-4 (Groundball, 56) | Bottom of the 9th over - 2 runs, 2 hits, 0 errors, 3 left on base; San Jose 8 - Redwood City 6 | |